Cogmind - Beta 16.1 @@@ ROGUE MODE // 2026.03.14 @ 14:01:59 Player: +Jones Result: Escaped! Performance ------------- Evolutions (9) 4500 Regions Visited (24) 4800 Robots Destroyed (509) 2545 Value Destroyed (25143) 25143 Prototype IDs (75) 1500 Alien Tech Used (0) 0 Bonus (16725) 16725 TOTAL SCORE: 55213 Bonus ------- High Alert Combat Kills 4262 Follower Combat Kills 1956 Hunted by Unchained 500 Network Hubs Disabled 200 Met Warlord at Base 500 MAIN.C Attacked Warlord 500 Warlord Defense Kills 1724 Built Enhanced Grunts 300 A7 Reached Mainframe 300 Met R17 at Cetus 500 Met R17 at Research 2000 Met Warlord at Research 2000 Win 3000 Friendly Fire -1017 Cogmind --------- Core Integrity 354/1600 Matter 33/300 Energy 558/700 System Corruption 3% Temperature Cool (11) Movement Treading (160) Location To Epsilon Eridani Parts ------- > --- POWER (2) -------- (None) > --- PROPULSION (6) --- Enhanced Armored Heavy Treads Advanced Heavy Siege Treads > --- UTILITY (13) ----- Huge Storage Unit Experimental Energy Well Advanced Signal Interpreter Experimental Targeting Computer Experimental Core Analyzer > --- WEAPON (4) ------- (None) > --- INVENTORY (25) --- Quantum Reactor Quantum Reactor Experimental Sensor Array Experimental Cloaking Device Improved Point Defense System Advanced Remote Datajack Improved Plasma Cutter Ionic Axe Peak State ------------ > --- POWER ------------ Reinforced Quantum Reactor Reinforced Quantum Reactor > --- PROPULSION ------- Enhanced Armored Heavy Treads Enhanced Armored Heavy Treads Enhanced Armored Heavy Treads > --- UTILITY ---------- Experimental Heat Sink Huge Storage Unit Experimental Energy Well Experimental Sensor Array Advanced Signal Interpreter Experimental Targeting Computer Experimental Core Analyzer Improved Transmission Jammer Experimental Cloaking Device Layered Heavy Armor Plating Experimental Shield Generator Advanced Corruption Screen > --- WEAPON ----------- Enhanced Hardcell Cannon Omega Cannon Enhanced Gamma Bomb Array > --- INVENTORY -------- Quantum Reactor Quantum Reactor Enhanced Armored Heavy Treads Advanced Heavy Siege Treads Advanced Heavy Siege Treads Advanced Heavy Siege Treads Advanced Phase Shifter Improved Core Shielding Centrium Medium Armor Plating Improved Point Defense System Improved Dynamic Insulation System Long-range Tractor Beam Improved Matter Neutralizer Linear Accelerator Enhanced Hardcell Cannon Compact Linear Accelerator Tiamat Missile Launcher Advanced Remote Datajack Improved Plasma Cutter Ionic Axe [Rating: 234] Favorites ----------- Power Cold Fusion Reactor Engine Reinforced Ion Engine Power Core Neutrino Core Reactor Cold Fusion Reactor Propulsion Heavy Treads Treads Heavy Treads Leg Carbon-fiber Leg Wheel Armored Huge Wheel Utility Huge Storage Unit Device Seismic Detector Storage Huge Storage Unit Processor System Guard Hackware Improved Hacking Suite Protection Centrium Medium Armor Plating Weapon Light Antimatter Cannon Energy Gun Spread Laser Energy Cannon Matter Neutralizer Ballistic Gun Flak Gun Ballistic Cannon Light Antimatter Cannon Launcher Chain Missile Launcher Special Weapon Improved Plasma Cutter Impact Weapon Heavy Flail Slashing Weapon Phasing Sabre Build | -11 -10 -10 -8 -7 -6 -6 -6 -6 -5 -5 -5 -5 -5 -5 -4 -4 -4 -4 -3 -3 -2 -2 -1 -1 ------- Run | Yrd Mat Sub Mat Fac Fac Low Low Zio Pro Fac Ext Cet Arc Hub Fac Upp Upp War Pro Res Res Tes Acc Com Slots Evolved 18 | . . . 4 2 2 . . . . 2 . . . . 2 . . . . 2 2 . 2 . Power 1 | . . . . . 1 . . . . . . . . . . . . . . . . . . . Propulsion 4 | . . . 1 . 1 . . . . 2 . . . . . . . . . . . . . . Utility 11 | . . . 1 2 . . . . . . . . . . 2 . . . . 2 2 . 2 . Weapon 2 | . . . 2 . . . . . . . . . . . . . . . . . . . . . Parts Attached 300 | 7 13 7 25 20 25 3 4 1 1 15 31 5 3 2 27 8 . 13 1 11 18 24 15 21 Power 26 | 1 2 . 1 2 5 . . . . 1 4 1 1 . 3 . . 1 . . . 2 . 2 Engine 9 | 1 2 . 1 1 2 . . . . . 2 . . . . . . . . . . . . . Core 5 | . . . . 1 . . . . . 1 2 . . . 1 . . . . . . . . . Reactor 12 | . . . . . 3 . . . . . . 1 1 . 2 . . 1 . . . 2 . 2 Propulsion 64 | 2 1 1 9 4 4 . 2 . . 6 4 1 . . 1 2 . . . 7 3 3 6 8 Treads 48 | 2 1 . 8 . . . . . . 3 3 1 . . 1 2 . . . 7 3 3 6 8 Leg 8 | . . . . 4 4 . . . . . . . . . . . . . . . . . . . Wheel 8 | . . 1 1 . . . 2 . . 3 1 . . . . . . . . . . . . . Hover . | . . . . . . . . . . . . . . . . . . . . . . . . . Flight . | . . . . . . . . . . . . . . . . . . . . . . . . . Utility 105 | 2 2 1 3 5 10 2 1 . . 5 11 1 1 2 13 4 . 8 1 3 12 8 4 6 Device 47 | 1 . . . 1 4 1 1 . . 3 7 . 1 . 6 3 . 4 1 1 6 4 2 1 Storage 10 | 1 2 1 1 . . . . . . . . . . . . . . . . . 2 2 . 1 Processor 17 | . . . . 2 5 . . . . . . . . 1 3 . . 1 . . 2 1 1 1 Hackware 5 | . . . . . . . . . . 1 . . . 1 . . . 1 . 1 . . 1 . Protection 26 | . . . 2 2 1 1 . . . 1 4 1 . . 4 1 . 2 . 1 2 1 . 3 Artifact . | . . . . . . . . . . . . . . . . . . . . . . . . . Weapon 105 | 2 8 5 12 9 6 1 1 1 1 3 12 2 1 . 10 2 . 4 . 1 3 11 5 5 Energy Gun 10 | 2 4 . . . 1 . . . . . 1 1 . . . 1 . . . . . . . . Energy Cannon 10 | . . . . . 2 . . . . . 1 . . . 1 . . 2 . . . 2 1 1 Ballistic Gun 44 | . 2 4 8 4 2 . 1 . 1 1 9 1 1 . 4 1 . . . . 3 2 . . Ballistic Cannon 15 | . . 1 2 . . . . . . 1 . . . . 4 . . . . . . 3 1 3 Launcher 15 | . 1 . 1 2 1 1 . . . 1 . . . . 1 . . 1 . . . 3 2 1 Special Weapon 6 | . 1 . . 1 . . . . . . 1 . . . . . . 1 . . . 1 1 . Impact Weapon 2 | . . . 1 1 . . . . . . . . . . . . . . . . . . . . Slashing Weapon 3 | . . . . 1 . . . 1 . . . . . . . . . . . 1 . . . . Piercing Weapon . | . . . . . . . . . . . . . . . . . . . . . . . . . Special Melee Weapon . | . . . . . . . . . . . . . . . . . . . . . . . . . Unidentified Prototypes 50 | . . . 1 1 4 . 1 . . 1 . 4 . . 3 . . 9 1 2 6 13 2 2 Corrupted Parts 4 | . . . . . . . . . . . 2 2 . . . . . . . . . . . . System Corruption 20 | . . . . . . . . . . . 15 5 . . . . . . . . . . . . Parts Lost 71 | . . 3 1 . 1 . 1 . . 3 9 . . . 10 3 . . . . 2 8 . 30 Power 7 | . . . . . . . . . . . 1 . . . 3 . . . . . . . . 3 Propulsion 13 | . . 1 . . 1 . 1 . . . 3 . . . 1 2 . . . . . . . 4 Utility 28 | . . . 1 . . . . . . 1 2 . . . 4 1 . . . . 1 4 . 14 Weapon 23 | . . 2 . . . . . . . 2 3 . . . 2 . . . . . 1 4 . 9 Highest Loss Streak 12 | . . 1 1 . 1 . 1 . . 2 3 . . . 4 1 . . . . 2 8 . 12 To Critical Strikes 5 | . . 1 . . . . . . . . . . . . . . . . . . . 2 . 2 Average Backups 19 | 1 9 16 17 18 18 18 18 19 20 20 19 23 23 24 23 20 21 22 22 21 20 19 19 19 Power . | . . 1 . . . . . . . . . . 1 1 1 . 1 1 1 1 1 1 2 1 Propulsion 2 | . 1 2 5 3 1 2 1 . . 2 3 1 1 1 1 1 1 3 3 2 2 3 3 3 Utility 8 | . 2 4 5 6 9 8 9 12 12 10 8 12 11 12 11 8 9 7 9 8 8 10 7 6 Weapon 6 | 1 5 7 5 6 6 7 7 6 7 5 5 7 7 8 6 7 7 9 7 7 6 3 5 5 Tool/Special . | . . . . . . . . . . . . . . . . . . . . . . . . . Unused Backups 51 | . 2 1 4 7 3 1 . 1 1 1 2 5 1 1 3 . 1 4 . . 2 2 1 8 Power 8 | . . . . 1 . . . . . . . . . . . . . 1 . . . 1 1 4 Propulsion 11 | . . 1 2 2 1 . . . . . 1 . . . 1 . . 2 . . . . . 1 Utility 17 | . 1 . 2 2 1 . . . 1 1 . 5 1 . . . . 1 . . 1 . . 1 Weapon 15 | . 1 . . 2 1 1 . 1 . . 1 . . 1 2 . 1 . . . 1 1 . 2 Tool/Special . | . . . . . . . . . . . . . . . . . . . . . . . . . Average Slot Usage (%) 84 | . 99 99 97 80 86 88 87 85 86 79 79 81 81 82 83 83 84 80 72 79 82 76 75 76 Engine 3 | . 14 14 9 5 6 . . . . . 6 5 . . . . . . . . . . . . Reactor 5 | . . . . . 4 11 11 13 13 10 2 2 9 11 9 5 5 4 5 4 4 4 4 6 Treads 12 | . 28 17 18 . . . . . . 4 8 17 17 17 14 14 15 15 15 18 16 12 11 11 Leg 2 | . . . . 22 24 23 16 . . . . . . . . . . . . . . . . . Wheel 2 | . . 10 7 . . . 3 13 13 11 7 . . . . . . . . . . . . . Device 10 | . 14 14 8 5 5 3 5 6 4 3 7 11 10 6 6 10 10 11 14 20 21 9 20 15 Storage 6 | . 14 14 9 6 5 5 5 6 6 5 5 5 5 5 5 5 5 5 5 4 5 8 6 6 Processor 9 | . . . . 7 11 17 17 20 20 15 7 5 5 9 13 10 10 7 5 4 4 10 11 15 Hackware 2 | . . . . . . . . . . . . . . 2 5 5 5 5 5 7 8 5 4 1 Protection 4 | . . . 8 6 3 1 . . 1 . 5 5 5 2 5 4 5 4 5 4 5 9 4 7 Energy Gun 1 | . 18 13 . . . . . . . . 1 . . . . . . . . . . . . . Ballistic Gun 10 | . 5 9 27 20 18 21 21 20 13 13 15 22 19 17 15 4 . . . . 5 6 . . Ballistic Cannon 4 | . . . 7 . . . . . . 1 . . . . 1 13 19 15 10 4 2 4 8 9 Slashing Weapon 1 | . . . . . 1 . . 5 4 3 2 . 2 5 1 1 1 . . 3 2 2 1 . Peak Build Rating 234 | 7 12 15 27 71 85 84 84 68 68 91 99 120 126 126 142 142 141 164 164 179 195 212 231 234 Average Rating 116 | 5 10 13 24 61 79 82 77 67 66 81 88 110 124 123 133 139 140 148 163 175 187 197 223 223 On Entrance 104 | . 7 11 15 25 71 85 82 68 64 65 84 99 119 126 122 142 141 140 164 164 178 195 210 224 Avg Prop Armor Cover (%) 10 | . . 12 10 3 . . . . . 10 13 . . . . . 8 . . . . . . . Naked Turns . | . . . . . . . . . . . . . . . . . . . . . . . . . Heaviest Build 226 | 15 37 58 74 93 102 92 87 85 89 134 143 148 152 150 161 161 148 186 186 183 187 211 199 226 Greatest Support 600 | 40 40 40 60 102 122 101 101 56 56 84 210 220 220 220 230 220 220 220 220 220 600 230 240 240 Greatest Overweight (x) 6 | 1 . 5 6 1 . . 1 1 1 4 5 . . . . . 1 . . . 2 . 1 1 Average Overweight (x) . | . . 3 4 . . . . 1 1 1 3 . . . . . . . . . . . . . Largest Inventory Capacity 25 | 8 15 20 25 20 20 20 20 20 20 25 25 25 25 25 25 25 25 25 25 25 25 25 25 25 Average Capacity 22 | 7 13 18 20 20 20 20 20 20 20 23 25 25 25 25 25 25 25 25 25 25 25 25 25 25 Most Carried 25 | 2 15 20 20 20 20 20 20 20 20 25 25 25 25 25 25 25 25 25 25 25 25 25 25 25 Average Carried 21 | 1 9 17 19 19 19 19 19 19 19 23 23 24 24 24 24 23 24 24 24 24 24 23 24 23 Final Capacity 25 | 8 15 20 20 20 20 20 20 20 20 25 25 25 25 25 25 25 25 25 25 25 25 25 25 25 Final Carried 25 | 2 14 19 20 20 20 20 20 20 20 23 23 25 25 25 24 25 25 25 25 25 25 25 25 8 Class Distribution -------------------- 50% | Scavenger-Tank 13% | Mutant 6% | Skirmisher 5% | Assassin 5% | Tank 4% | Hacker-Tank 4% | Infiltrator-Tank 3% | Infiltrator-Assassin Dominant Class ---------------- Mutant | -10/Materials Mutant | -10/Subcaves Scavenger-Tank | -8/Materials Scavenger-Tank | -7/Factory Scavenger-Tank | -6/Factory Skirmisher | -6/Lower Caves Skirmisher | -6/Lower Caves Assassin | -6/Zion Assassin | -5/Proximity Caves Assassin | -5/Factory Scavenger-Tank | -5/Extension Commander-Tank | -5/Cetus Scavenger-Tank | -5/Archives Scavenger-Tank | -5/Hub_04(d) Scavenger-Tank | -4/Factory Scavenger-Tank | -4/Upper Caves Scavenger-Tank | -4/Upper Caves Scavenger-Tank | -4/Warlord Scavenger-Tank | -3/Proximity Caves Hacker-Tank | -3/Research Hacker-Tank | -2/Research Scavenger-Tank | -2/Testing Infiltrator-Assassin | -1/Access Scavenger-Tank | -1/Command Resources | -11 -10 -10 -8 -7 -6 -6 -6 -6 -5 -5 -5 -5 -5 -5 -4 -4 -4 -4 -3 -3 -2 -2 -1 -1 ----------- Run | Yrd Mat Sub Mat Fac Fac Low Low Zio Pro Fac Ext Cet Arc Hub Fac Upp Upp War Pro Res Res Tes Acc Com Matter Collected 25992 | 255 593 374 1777 479 1583 716 252 123 526 1403 2095 252 215 20 2323 1649 453 899 500 1273 739 2194 1508 3791 Remotely 6215 | . . . . . . . . . . . . . . . 969 296 . 506 . 551 211 173 1052 2457 Salvage Created 21375 | 218 686 293 1602 355 1495 440 241 . 273 785 1985 201 439 248 2003 946 423 295 117 211 183 1699 1300 4937 Parts 934 | 15 35 34 88 20 60 7 3 . 4 43 72 9 25 9 101 27 17 12 3 10 5 64 68 203 Haulers Intercepted 10 | . 2 . 3 . . . 1 . . . . . . . 3 . . . . . . 1 . . Recyclers Shooed 11 | . 3 . 1 . 4 . . . . . 1 . . . . . . . . . . 1 . 1 Parts Field Recycled . | . . . . . . . . . . . . . . . . . . . . . . . . . Retrieved Matter . | . . . . . . . . . . . . . . . . . . . . . . . . . Parts Self-Destructed 58 | . . 9 . . . 6 1 . 2 . . . . . . 27 10 . 3 . . . . . Prevented 11 | . . . . . . 2 . . . . . . . . . 3 6 . . . . . . . Parts Restored . | . . . . . . . . . . . . . . . . . . . . . . . . . Kills | -11 -10 -10 -8 -7 -6 -6 -6 -6 -5 -5 -5 -5 -5 -5 -4 -4 -4 -4 -3 -3 -2 -2 -1 -1 ------- Run | Yrd Mat Sub Mat Fac Fac Low Low Zio Pro Fac Ext Cet Arc Hub Fac Upp Upp War Pro Res Res Tes Acc Com Combat Hostiles Destroyed 395 | . 11 15 28 11 17 14 5 . 7 18 31 2 2 . 39 19 14 15 8 9 5 31 23 71 Melee 16 | . . . . . 1 . . . . 5 5 . . . . 1 1 . . . . . . 3 Guns 121 | . 4 6 17 7 13 3 1 . . 7 17 2 2 . 21 6 . . . . 4 11 . . Cannons 77 | . . 1 7 . . . . . . 1 . . . . 2 12 6 5 1 1 . 6 12 23 AOE 156 | . 7 8 4 4 3 11 4 . 7 5 9 . . . 16 . 7 10 7 8 1 14 10 21 Classes Destroyed 29 | 2 7 3 3 1 1 . . . . 1 . . . . 2 1 2 4 . . . 2 . . Worker 14 | . 3 . 1 . . . . . . . 1 . . . 2 . . . . 1 . . 2 4 Builder 14 | . 1 . 2 . 1 . . . . 1 2 . . . 4 . . . . 1 . 2 . . Tunneler 8 | 7 . . 1 . . . . . . . . . . . . . . . . . . . . . Hauler 10 | . 2 . 3 . . . 1 . . . . . . . 3 . . . . . . 1 . . Recycler 30 | 1 5 . 4 1 8 . . . . . 3 . . 2 1 . . . . . . 2 2 1 Minesweeper 2 | . . . . . . . . . . . . . . . . 1 1 . . . . . . . Mechanic 2 | . . . . . 1 . . . . . . . . . . . . . . . . . . 1 Operator 13 | . 1 . . . . . . . . . . . 8 . 1 . . . . . . 1 . 2 Watcher 21 | . 3 . 5 . . . . . . 1 1 2 . . . . . . . . . 2 3 4 Swarmer 92 | . 6 5 6 3 4 1 . . . . 5 . . . 17 2 10 . 3 4 3 4 10 9 Saboteur 8 | . . . . . . . . . . . . . . . . . . 4 . . . . . 4 Grunt 120 | . 5 . 9 3 6 8 5 . 4 7 17 . . . 5 6 1 6 4 . . 8 . 26 Brawler 9 | . . . 1 . 2 2 . . 1 . . . . . . 1 . . . . . . . 2 Duelist 8 | . . . 1 1 . 2 . . . . . . . . . 1 . . . . . . . 3 Protector 3 | . . . . . . . . . . . . . . . . . . 1 . . 1 . . 1 Sentry 37 | . . 1 10 2 2 1 . . 1 1 7 . 2 . 2 2 . . . 2 1 . 2 1 Demolisher 1 | . . . . . . . . . . . . . . . . . . 1 . . . . . . Specialist 3 | . . . . . . . . . . . . . . . 2 . . 1 . . . . . . Hunter 29 | . . . 1 . . . . . 1 . 2 . . . 4 3 . . . 3 . 8 2 5 Programmer 54 | . . . . 2 3 . . . . 8 . . . . 8 . 2 1 . . . 8 9 13 Behemoth 4 | . . . . . . . . . . . . . . . 1 . 1 . 1 . . . . 1 Cetus Guard 2 | . . . . . . . . . . . . 2 . . . . . . . . . . . . Striker 4 | . . . . . . . . . . . . . . . . . . . . . . 2 . 2 Executioner 4 | . . . . . . . . . . . . . . . . . . 1 . . 1 . . 2 Alpha 7 3 | . . . . . . . . . . . . . . . . . . . . . . 1 . 2 Subdweller 9 | . . 9 . . . . . . . . . . . . . . . . . . . . . . Scientist 1 | . . 1 . . . . . . . . . . . . . . . . . . . . . . Decomposer 8 | . . . . . . . 3 . 3 . . . . . . 1 1 . . . . . . . Packrat 4 | . . . . . . 2 1 . . . . . . . . 1 . . . . . . . . Samaritan 1 | . . . . . . . . . . . . . . . . . 1 . . . . . . . Assembled 2 | . . . . . . . . . . 2 . . . . . . . . . . . . . . Thug 1 | . . . . . . . . . . . . . . . . 1 . . . . . . . . Savage 3 | . . . . . . . . . . . . . . . . 3 . . . . . . . . Mutant 1 | . . . . . . . . . . . . . . . . . 1 . . . . . . . Best Kill Streak 17 | 6 5 4 4 4 3 4 6 . 3 5 6 2 5 2 7 4 5 10 4 3 4 13 9 17 Combat Bots Only 13 | . 3 4 4 4 3 4 5 . 3 5 6 1 2 . 6 4 5 10 4 3 4 10 8 13 Max Kills in Single Turn 6 | 2 3 3 2 2 2 2 2 . 2 3 2 1 1 1 4 2 3 6 2 2 1 3 2 3 Gunslinging 1 | . . . . . 1 . . . . . 1 . . . 1 . . . . . . . . . Exploded 6 | . 3 3 2 2 1 2 2 . 2 3 2 . . . 4 . 3 6 2 2 1 3 2 3 Melee 1 | . . . . . 1 . . . . 1 1 . . . . 1 1 . . . . . . 1 Uniques/NPCs Destroyed . | . . . . . . . . . . . . . . . . . . . . . . . . . Combat | -11 -10 -10 -8 -7 -6 -6 -6 -6 -5 -5 -5 -5 -5 -5 -4 -4 -4 -4 -3 -3 -2 -2 -1 -1 -------- Run | Yrd Mat Sub Mat Fac Fac Low Low Zio Pro Fac Ext Cet Arc Hub Fac Upp Upp War Pro Res Res Tes Acc Com Hostile Shots Fired 2732 | . 20 49 84 133 93 14 6 . 8 87 209 26 . 42 499 118 38 43 22 33 49 251 63 845 Missed 736 | . 9 15 19 45 34 3 1 . 4 28 34 8 . 8 153 25 12 9 2 14 15 66 16 216 Hits 1996 | . 11 34 65 88 59 11 5 . 4 59 175 18 . 34 346 93 26 34 20 19 34 185 47 629 Melee 11 | . . . 1 . . . . . . 3 . . . . . 1 . 1 . . 2 2 . 1 Projectile 1985 | . 11 34 64 88 59 11 5 . 4 56 175 18 . 34 346 92 26 33 20 19 32 183 47 628 AOE 10 | . . 4 . . . . . . . 3 . . . . . . . 3 . . . . . . Critical Strikes 80 | . 1 2 5 3 . 1 1 . . 4 4 1 . . 9 3 . 3 1 1 1 10 4 26 Part Disruptions 4 | . . . . 1 . . . . . 1 . . . . . . 1 . . . . . . 1 Damage Taken 36920 | . 184 728 1088 1190 1049 210 94 . 78 1405 3404 427 . 471 4860 1249 725 697 238 252 837 3552 844 13338 Core 3040 | . 40 187 116 107 43 36 . . . 223 250 . . . 259 56 139 178 10 13 96 41 18 1228 Absorbed by Shields 5616 | . . . . . . . . . . . 294 74 . . 929 439 . 378 228 239 336 1283 299 1117 Reduced by Siege Mode 1828 | . . . . . . . . . . 12 86 29 . . 509 142 10 . . . 19 98 47 876 Redirected to Shielding 134 | . . . . . . . . . . . . . . . . 25 . . . . . . . 109 Ignored by Resistances 266 | . . . . . . . . . . . . . . . . 62 71 . 82 51 . . . . Regen/Repaired (Parts) 2369 | . . . 396 . 114 . . . . . . . . . 807 . . 461 . 483 30 78 . . Core Remaining (%) 66 | 100 . 9 78 84 . . . . 90 . . . . 52 . . . . 44 99 . 90 . 22 Volleys Fired 1075 | 13 56 46 90 19 70 30 46 1 19 32 93 11 10 . 122 40 18 14 11 15 19 65 91 144 Largest 4 | 2 2 2 4 4 4 4 4 1 3 4 4 4 4 . 4 4 4 4 2 1 4 4 3 3 Hottest 218 | 100 130 130 120 109 123 112 117 35 84 141 181 129 134 . 204 204 204 204 160 160 160 164 216 218 Shots Fired 2398 | 26 91 70 283 54 140 54 66 1 25 89 249 44 40 . 343 144 48 41 14 15 52 156 133 220 Gun 1399 | 26 70 47 195 49 98 32 27 . 9 60 223 44 40 . 275 56 . . . . 44 104 . . Cannon 734 | . . 1 84 . 39 5 34 1 . 22 2 . . . 57 88 45 39 6 3 3 39 124 142 Launcher 234 | . 9 10 4 5 3 17 5 . 16 7 22 . . . 11 . 3 2 8 12 5 8 9 78 Special 31 | . 12 12 . . . . . . . . 2 . . . . . . . . . . 5 . . Kinetic 1827 | . 12 22 279 49 98 32 27 . 9 77 219 44 40 . 291 144 45 37 6 3 47 143 70 133 Thermal 330 | 26 70 38 . . 39 5 34 1 . 5 8 . . . 41 . . . . . . . 54 9 Explosive 167 | . 9 10 4 5 3 17 5 . 16 7 22 . . . 11 . 3 2 8 12 5 13 . 15 Electromagnetic 72 | . . . . . . . . . . . . . . . . . . . . . . . 9 63 Entropic 2 | . . . . . . . . . . . . . . . . . . 2 . . . . . . Robot Hit Streak 39 | 8 14 15 20 8 16 10 5 . 5 20 27 19 26 . 20 18 12 12 7 3 39 16 17 24 Robot Miss Streak 9 | 2 4 4 6 4 7 6 9 . 2 3 4 1 2 . 4 3 4 3 2 7 1 4 2 6 Penetration Max 1 | . . . . . . . 1 . . 1 1 1 1 . 1 . . . . . . 1 . . Secondary Targets 19 | . . . 2 . 4 . . . . . 4 2 . . 6 . . . . . . 1 . . Max Gunslinging Chain 1 | . . . 1 . 1 . . . . . 1 1 . . 1 . . . . . . 1 . . Shots Hit Robots 1525 | 18 69 45 172 44 88 31 18 . 14 76 166 39 34 2 196 90 39 18 11 11 44 104 47 149 Core Hits 1263 | 9 83 43 104 42 116 57 34 . 24 44 89 14 13 2 88 38 25 44 18 30 16 81 49 200 Critical Kills 12 | . . . . . . . 1 . . 1 2 1 . . 2 2 . . . . . 3 . . Critical Parts Destroyed 20 | . . . 2 . . . . . . 4 4 1 . . 4 . . . . . 3 2 . . Critical Strikes 80 | 2 . . 2 . . . 1 . . 8 8 3 . . 6 6 3 . . 1 3 12 8 17 Burn 2 | 2 . . . . . . . . . . . . . . . . . . . . . . . . Destroy 33 | . . . 2 . . . 1 . . 5 6 3 . . 6 2 . . . . 3 5 . . Blast 37 | . . . . . . . . . . 1 . . . . . 3 3 . . 1 . 5 8 16 Sever 8 | . . . . . . . . . . 2 2 . . . . 1 . . . . . 2 . 1 Melee Attacks 230 | . . . 4 11 23 . 3 10 2 33 23 . 11 5 18 8 11 . . 3 2 14 27 22 Impact 12 | . . . 4 8 . . . . . . . . . . . . . . . . . . . . Slashing 218 | . . . . 3 23 . 3 10 2 33 23 . 11 5 18 8 11 . . 3 2 14 27 22 Piercing . | . . . . . . . . . . . . . . . . . . . . . . . . . Sneak Attacks 35 | . . . 3 1 7 . . . . 3 . . 8 2 2 2 3 . . 1 . 2 1 . Combat Hostiles . | . . . . . . . . . . . . . . . . . . . . . . . . . Follow-up Attacks . | . . . . . . . . . . . . . . . . . . . . . . . . . Damage Inflicted 75875 | 236 1435 1278 3422 1479 3106 2598 1193 . 1158 3590 5704 1258 1887 149 8028 3107 2367 3216 2017 2212 1293 7356 3527 14259 Guns 21850 | 236 804 630 1928 732 1389 392 220 . 83 1162 3649 1258 817 . 5343 776 . . . . 773 1658 . . Cannons 15618 | . . 27 840 . 289 . . . . 500 . . . . 520 1985 1137 944 123 103 . 1576 2398 5176 Explosions 32409 | . 631 621 294 675 705 2206 973 . 1075 1093 1414 . . . 1926 . 722 2272 1894 2023 520 3625 1024 8716 Melee 5661 | . . . 360 72 723 . . . . 835 607 . 1070 149 188 346 508 . . 86 . 263 105 349 Ramming 103 | . . . . . . . . . . . 34 . . . 51 . . . . . . . . 18 Kinetic 35404 | . 180 275 2768 732 1389 392 220 . 83 1662 3580 1258 817 . 5578 2761 1137 944 123 103 773 3234 2219 5176 Thermal 3832 | 236 624 382 . . 635 . . . . . 69 . . . 285 . . . . . . . 356 1245 Explosive 24203 | . 631 621 294 675 359 2206 973 . 1075 1093 1414 . . . 1926 . 722 2272 1894 2023 520 3625 189 1691 Electromagnetic 6438 | . . . . . . . . . . . . . . . . . . . . . . . 658 5780 Impact 360 | . . . 360 . . . . . . . . . . . . . . . . . . . . . Slashing 5535 | . . . . 72 723 . . . . 835 607 . 1070 149 188 346 508 . . 86 . 497 105 349 Piercing . | . . . . . . . . . . . . . . . . . . . . . . . . . Highest Corruption 19 | . . . 1 2 1 . . . . 6 7 . . . 3 3 . 9 . . 4 19 3 3 Average Corruption 4 | . . . 1 2 1 . . . . 5 4 . . . 2 2 . 4 . . 2 15 2 3 Corruption Purged 55 | . . . . . . . . . . 2 29 . 5 . . 6 . 9 . . 4 . . . Corruption Blocked 17 | . . . . . 2 . . . . . . . . . . . . . . . . . . 15 Effects 191 | . . . 9 11 . . . . . 6 7 . . . 14 3 . 4 . . 2 48 34 53 Message Errors 46 | . . . 1 . . . . . . 1 1 . . . 5 . . 2 . . . 13 8 15 Matter Fused 42 | . . . 3 2 . . . . . 3 2 . . . 1 2 . . . . . 9 8 12 Heat Flow Errors 21 | . . . . 4 . . . . . 1 . . . . 1 1 . . . . . 2 5 7 Energy Discharges 24 | . . . . 2 . . . . . . 1 . . . 1 . . 2 . . 1 6 5 6 Parts Rejected 3 | . . . . . . . . . . 1 . . . . 1 . . . . . . . . 1 Parts Fused 1 | . . . . 1 . . . . . . . . . . . . . . . . . . . . Data Loss (minor) 22 | . . . . . . . . . . . 2 . . . 2 . . . . . . 9 5 4 Data Loss (major) 11 | . . . 1 1 . . . . . . . . . . 1 . . . . . 1 3 . 4 Misfires 9 | . . . 2 1 . . . . . . 1 . . . 1 . . . . . . 1 2 1 Alerts 5 | . . . 1 . . . . . . . . . . . . . . . . . . 1 1 2 Misdirections 1 | . . . . . . . . . . . . . . . . . . . . . . 1 . . Weapon Failures 6 | . . . 1 . . . . . . . . . . . 1 . . . . . . 3 . 1 Overload Shots . | . . . . . . . . . . . . . . . . . . . . . . . . . Overflow Damage 3068 | . . 15 287 45 42 67 . . 20 158 14 . 364 . 192 134 179 27 92 81 . 565 402 384 Projectiles 1142 | . . . 21 . 3 . . . . 80 . . . . 7 55 89 15 10 . . 255 262 345 Explosions 802 | . . 15 . 13 . 67 . . 20 4 10 . . . 129 . 37 12 82 81 . 229 75 28 Melee 1124 | . . . 266 32 39 . . . . 74 4 . 364 . 56 79 53 . . . . 81 65 11 Knockbacks 88 | . . . 15 . . . . . . 7 . . . . 2 7 4 6 2 1 . 8 10 26 Impact 1 | . . . 1 . . . . . . . . . . . . . . . . . . . . . Kinetic 85 | . . . 14 . . . . . . 7 . . . . 2 7 4 6 2 1 . 6 10 26 Secondary 2 | . . . . . . . . . . . . . . . . . . . . . . 2 . . Self-Inflicted Damage 1076 | . 39 17 16 14 32 . . . . . 47 . . . . . . . 26 17 . 334 36 498 Shots 50 | . 1 3 1 1 1 . . . . . 1 . . . . . . . 2 1 . 6 1 32 Rammed 4 | . . . . . . . . . . . 1 . . . 2 . . . . . . . . 1 Targets Rammed 4 | . . . . . . . . . . . 1 . . . 2 . . . . . . . . 1 Kicked . | . . . . . . . . . . . . . . . . . . . . . . . . . Crushed . | . . . . . . . . . . . . . . . . . . . . . . . . . Highest Temperature 650 | 195 274 42 347 305 250 16 218 . . 459 417 71 42 . 650 379 195 180 334 193 97 268 405 424 Average Temperature 98 | 65 80 13 98 91 83 9 67 . . 66 146 35 16 . 121 118 86 93 126 78 53 84 91 95 Received Heat Transfer 3560 | . 96 168 432 87 228 81 33 . 18 165 561 40 . . 929 239 39 9 26 8 31 95 12 263 Effects 39 | . . . . 3 . . . . . 1 11 . . . 17 1 . . 1 . . . 2 3 Shutdowns 11 | . . . . . . . . . . . 4 . . . 3 1 . . . . . . 1 2 Energy Bleed 9 | . . . . . . . . . . . 2 . . . 5 . . . 1 . . . 1 . Interference 9 | . . . . 3 . . . . . . 4 . . . 2 . . . . . . . . . Matter Decay 3 | . . . . . . . . . . 1 . . . . 2 . . . . . . . . . Short Circuit 2 | . . . . . . . . . . . 1 . . . 1 . . . . . . . . . Damage (minor) 2 | . . . . . . . . . . . . . . . 1 . . . . . . . . 1 Damage (major) 3 | . . . . . . . . . . . . . . . 3 . . . . . . . . . Siege Activations 62 | . . . . . . . . . . 3 8 2 . . 10 8 2 . 1 . 2 8 6 12 Total Turns 1059 | . . . . . . . . . . 30 111 25 . . 268 176 10 . 5 . 45 113 86 190 Longest Duration 101 | . . . . . . . . . . 18 28 14 . . 101 41 5 . 5 . 42 26 25 65 Martial Activations . | . . . . . . . . . . . . . . . . . . . . . . . . . Shielding Activations . | . . . . . . . . . . . . . . . . . . . . . . . . . Robots Disrupted . | . . . . . . . . . . . . . . . . . . . . . . . . . Combat Hostiles . | . . . . . . . . . . . . . . . . . . . . . . . . . Robots Corrupted 30 | . . . 2 . . . . . . . 1 . . . . . . . . . . . 1 26 Combat Hostiles 25 | . . . . . . . . . . . . . . . . . . . . . . . 1 24 Parts Fried 53 | . . . 2 . . . . . . . 2 . . . . . . . . . . . 2 47 Impact Corruptions 10 | . . . 9 . . . . . . . 1 . . . . . . . . . . . . . Robots Melted . | . . . . . . . . . . . . . . . . . . . . . . . . . Combat Hostiles . | . . . . . . . . . . . . . . . . . . . . . . . . . Parts Melted 14 | 4 . 2 . . 3 . . . . . 1 . . . 1 . . . . . . . 2 1 Heat Transferred 4554 | 851 785 475 . . 800 . . . . . 111 . . . 296 . . . . . . . 285 951 Parts Sabotaged 1 | . . . . . . . . . . . . . . . . . . . . . . . . 1 Parts Stolen . | . . . . . . . . . . . . . . . . . . . . . . . . . Parts Stripped . | . . . . . . . . . . . . . . . . . . . . . . . . . Power Chain Reactions 18 | . . . . . . . . . . . . . . . . . . . . . . . 3 15 Alert | -11 -10 -10 -8 -7 -6 -6 -6 -6 -5 -5 -5 -5 -5 -5 -4 -4 -4 -4 -3 -3 -2 -2 -1 -1 ------- Run | Yrd Mat Sub Mat Fac Fac Low Low Zio Pro Fac Ext Cet Arc Hub Fac Upp Upp War Pro Res Res Tes Acc Com Maximum Alert Level 5 | . 1 . 1 1 1 . . . . 1 2 2 1 1 2 . . . . 1 . 3 3 5 Low Security (%) 55 | 100 93 . 83 97 87 . . . . 78 36 . 75 94 69 . . . . 88 100 32 . . Level 1 24 | . 6 . 16 2 12 . . . . 21 54 97 24 5 17 . . . . 11 . 45 47 . Level 2 7 | . . . . . . . . . . . 9 2 . . 13 . . . . . . . 12 33 Level 3 8 | . . . . . . . . . . . . . . . . . . . . . . 21 39 31 Level 4 1 | . . . . . . . . . . . . . . . . . . . . . . . . 16 Level 5 1 | . . . . . . . . . . . . . . . . . . . . . . . . 17 High Security . | . . . . . . . . . . . . . . . . . . . . . . . . . Max Security . | . . . . . . . . . . . . . . . . . . . . . . . . . Peak Influence 2235 | 15 225 . 255 204 259 . . . . 335 609 400 237 206 597 . . . . 230 157 785 811 2235 Initial 499 | . . . 23 102 96 . . . . . 89 307 105 42 86 . . . . 13 96 18 445 499 Average 282 | 1 90 . 96 55 125 . . . . 80 250 325 173 98 206 . . . . 110 50 336 518 1002 Influence Increases 15471 | 40 471 180 899 438 677 310 105 . 160 609 1709 351 305 400 1432 544 350 424 209 626 238 1355 1012 2627 Destroy 0b10 Robot/C 8280 | . 220 120 560 220 340 280 100 . 140 320 920 160 80 120 780 320 280 340 160 180 100 620 460 1460 Destroy 0b10 Robot/NC 625 | 40 75 . 80 5 50 . 5 . . 10 55 10 40 15 55 5 15 10 . 15 . 40 35 65 Destroy Leader 1326 | . 60 . 176 60 70 30 . . 20 62 94 . . 50 144 30 40 . 30 50 30 76 86 218 Allied During Kill 873 | . . . . . . . . . . . 318 166 120 137 . 9 . 74 19 . . . . 30 Successful Hack 460 | . 28 . 34 26 25 . . . . 17 20 9 . . 19 . . . . 57 . 154 26 45 Select Force Hacks 50 | . . . . . . . . . . . . . . 50 . . . . . . . . . . Disable Machine 855 | . 15 . 15 30 60 . . . . 45 60 . 45 . 165 . . . . 30 30 135 75 150 Anti-Garrison Action 50 | . . . . . . . . . . . . . . . . . . . . . . . . 50 Destroy Structure 2352 | . 73 . 34 67 72 . . . . 110 182 6 20 28 254 . . . . 294 63 315 315 519 Lose Combat Pursuer 600 | . . 60 . 30 60 . . . . 45 60 . . . 15 180 15 . . . 15 15 15 90 Influence Decreases 13345 | 40 358 248 719 465 827 358 105 . 160 425 1344 636 449 342 1019 888 597 92 520 474 377 646 974 1282 Entered New Map 2268 | . . 55 22 123 102 19 . . . . 95 242 159 78 92 220 48 . 332 8 77 16 298 282 Time Decay 8869 | 40 358 183 537 342 565 339 95 . 160 245 619 334 230 130 678 598 549 32 188 461 300 550 676 660 Lost Part 669 | . . 10 10 . 10 . 10 . . 30 90 . . . 99 30 . . . . . 80 . 300 Lost Ally 639 | . . . . . . . . . . . 240 60 60 134 . 40 . 60 . 5 . . . 40 Purge Threat 900 | . . . 150 . 150 . . . . 150 300 . . . 150 . . . . . . . . . Squads Dispatched 86 | . 1 . 4 5 5 . . . . 3 5 . . 6 16 . . . . 6 . 12 10 13 Investigation 8 | . . . 1 . . . . . . . 2 . . 2 . . . . . 2 . . . 1 Extermination 28 | . . . . 2 4 . . . . 3 . . . . 5 . . . . . . 4 5 5 Reinforcement 30 | . 1 . . 1 . . . . . . 3 . . 4 9 . . . . 4 . 4 3 1 Assault 11 | . . . . . . . . . . . . . . . 2 . . . . . . 1 2 6 Garrison 9 | . . . 3 2 1 . . . . . . . . . . . . . . . . 3 . . Intercept . | . . . . . . . . . . . . . . . . . . . . . . . . . Searches Triggered . | . . . . . . . . . . . . . . . . . . . . . . . . . Unchained Authorized 1 | . . . . . . . . . . . . . . . . . . . . . . . 1 . Construction Impeded 2 | . . . . . . . . . . . 2 . . . . . . . . . . . . . Haulers Reinforced 3 | . . . . . . . . . . . . . . . 1 . . . . 2 . . . . Active Scanning Responses . | . . . . . . . . . . . . . . . . . . . . . . . . . Cargo Convoy Interrupts . | . . . . . . . . . . . . . . . . . . . . . . . . . Stealth | -11 -10 -10 -8 -7 -6 -6 -6 -6 -5 -5 -5 -5 -5 -5 -4 -4 -4 -4 -3 -3 -2 -2 -1 -1 --------- Run | Yrd Mat Sub Mat Fac Fac Low Low Zio Pro Fac Ext Cet Arc Hub Fac Upp Upp War Pro Res Res Tes Acc Com Distress Signals 36 | . . . 4 . 3 . . . . 2 1 2 . 1 2 . . . . 5 9 1 3 3 Communications Jammed 17 | . . . . . . . . . . . . . . . . . . . . . . 12 1 4 Distress Signals 17 | . . . . . . . . . . . . . . . . . . . . . . 12 1 4 Times Spotted 546 | . 16 18 37 20 25 11 4 . 5 27 51 10 18 6 47 30 17 29 7 14 13 36 20 85 Peak Tracking Total 15 | . 3 6 4 6 4 4 4 . 3 6 5 5 1 2 6 9 6 15 3 4 7 7 5 14 Tactical Retreats 26 | . . 1 . 2 2 . . . . 2 3 . . . 1 7 1 . . . 1 1 1 4 Traps | -11 -10 -10 -8 -7 -6 -6 -6 -6 -5 -5 -5 -5 -5 -5 -4 -4 -4 -4 -3 -3 -2 -2 -1 -1 ------- Run | Yrd Mat Sub Mat Fac Fac Low Low Zio Pro Fac Ext Cet Arc Hub Fac Upp Upp War Pro Res Res Tes Acc Com Traps Triggered 33 | . 1 1 3 . 6 . . . . 4 6 . . . 4 . . . . . . 1 . 7 Indirectly 7 | . . . . . . . . . . . . . . . . . . . . . . . . 7 Trap Hack Attempts . | . . . . . . . . . . . . . . . . . . . . . . . . . Triggered . | . . . . . . . . . . . . . . . . . . . . . . . . . Disarmed . | . . . . . . . . . . . . . . . . . . . . . . . . . Reprogrammed . | . . . . . . . . . . . . . . . . . . . . . . . . . Reused 1 | . . . . . . . . . . . . . . . . . 1 . . . . . . . Traps Extracted . | . . . . . . . . . . . . . . . . . . . . . . . . . Installed 4 | . . . . . . . . . . . . . . . . . 4 . . . . . . . Triggered 1 | . . . . . . . . . . . . . . . . . 1 . . . . . . . Most Traps Carried 3 | . . . . . . . . . . . . . . . . 3 3 2 . . . . . . Machines | -11 -10 -10 -8 -7 -6 -6 -6 -6 -5 -5 -5 -5 -5 -5 -4 -4 -4 -4 -3 -3 -2 -2 -1 -1 ---------- Run | Yrd Mat Sub Mat Fac Fac Low Low Zio Pro Fac Ext Cet Arc Hub Fac Upp Upp War Pro Res Res Tes Acc Com Machines Disabled 71 | . 2 1 1 2 4 . . . 1 3 7 . 3 . 11 2 2 2 . 2 2 9 5 12 Max in Single Turn 3 | . 1 1 1 1 3 . . . 1 2 1 . 1 . 3 1 1 1 . 1 1 2 1 2 Garrison Access 9 | . . . 1 . 1 . . . . . . . . . 1 . . . . 2 2 . 2 . Phase Generator 1 | . . . . . . . . . . . . . . . . . . . . . . . . 1 Network Hub 1 | . . . . . . . . . . . . . . 1 . . . . . . . . . . Machines Repaired . | . . . . . . . . . . . . . . . . . . . . . . . . . Machines Dismantled 5 | . . . . . . . . . . . 2 . . . . . . 2 . . . . 1 . Machines Sabotaged 1 | . . . . . . . . . . . . . . 1 . . . . . . . . . . Overloaded Fab Kills . | . . . . . . . . . . . . . . . . . . . . . . . . . Hacking | -11 -10 -10 -8 -7 -6 -6 -6 -6 -5 -5 -5 -5 -5 -5 -4 -4 -4 -4 -3 -3 -2 -2 -1 -1 --------- Run | Yrd Mat Sub Mat Fac Fac Low Low Zio Pro Fac Ext Cet Arc Hub Fac Upp Upp War Pro Res Res Tes Acc Com Machines Accessed 97 | . 9 1 10 6 11 . 1 . 1 8 7 1 . 3 5 1 . 1 . 4 2 10 8 8 Terminals 65 | . 7 . 5 5 5 . . . . 7 7 1 . 3 3 . . . . 1 1 6 6 8 Fabricators 1 | . . . . 1 . . . . . . . . . . . . . . . . . . . . Repair Stations 8 | . . . 2 . 1 . . . . . . . . . 2 . . . . 1 . 2 . . Recycling Units 6 | . 2 . 1 . 2 . . . . 1 . . . . . . . . . . . . . . Scanalyzers 3 | . . . 1 . 1 . . . . . . . . . . . . . . . . 1 . . Garrison Access 9 | . . . 1 . 2 . . . . . . . . . . . . . . 2 1 1 2 . Total Hacks 250 | . 30 1 38 10 26 . 1 . 1 16 19 1 . 3 18 1 . 1 . 10 4 36 17 17 Successful 125 | . 15 1 25 3 14 . 1 . 1 7 8 1 . 2 10 1 . 1 . 6 2 18 5 4 Failed 124 | . 15 . 12 7 12 . . . . 9 11 . . 1 8 . . . . 4 2 18 12 13 Catastrophic 19 | . . . . 1 1 . . . . 1 2 . . 1 2 . . . . . 1 3 1 6 Database Lockouts 1 | . . . 1 . . . . . . . . . . . . . . . . . . . . . Manual 117 | . 22 . 16 7 6 . . . . 12 8 1 . 3 9 . . . . 2 2 17 3 9 Terminals 170 | . 23 . 17 9 15 . . . . 14 19 1 . 3 10 . . . . 2 3 22 15 17 Fabricators 1 | . . . . 1 . . . . . . . . . . . . . . . . . . . . Repair Stations 37 | . . . 14 . 2 . . . . . . . . . 8 . . . . 4 . 9 . . Recycling Units 16 | . 7 . 4 . 3 . . . . 2 . . . . . . . . . . . . . . Scanalyzers 9 | . . . 2 . 4 . . . . . . . . . . . . . . . . 3 . . Garrison Access 12 | . . . 1 . 2 . . . . . . . . . . . . . . 4 1 2 2 . Terminal Hacks 35 | . 2 1 2 . 4 . 1 . 1 4 6 1 . . 2 1 . 1 . . 1 5 2 1 Record 1 | . . . . . . . . . 1 . . . . . . . . . . . . . . . Robot Analysis 3 | . 1 . 1 . 1 . . . . . . . . . . . . . . . . . . . Prototype ID Bank 2 | . . . . . . . . . . . . . . . . . . . . . . 2 . . Open Door 10 | . . . . . . . 1 . . 1 3 1 . . . 1 . 1 . . . . 2 . Branch Access Points 4 | . . . . . 1 . . . . 1 . . . . 1 . . . . . 1 . . . Terminal Index 1 | . 1 . . . . . . . . . . . . . . . . . . . . . . . Alert Level 4 | . . . . . . . . . . 1 1 . . . . . . . . . . 1 . 1 Unreport Threat 6 | . . . 1 . 1 . . . . 1 2 . . . 1 . . . . . . . . . Locate Traps 1 | . . . . . 1 . . . . . . . . . . . . . . . . . . . Registered Components 1 | . . . . . . . . . . . . . . . . . . . . . . 1 . . Zone Layout 1 | . . . . . . . . . . . . . . . . . . . . . . 1 . . Proto ID Catalog 1 | . . 1 . . . . . . . . . . . . . . . . . . . . . . Fabricator Hacks 1 | . . . . 1 . . . . . . . . . . . . . . . . . . . . Network Status 1 | . . . . 1 . . . . . . . . . . . . . . . . . . . . Repair Station Hacks 26 | . . . 12 . 2 . . . . . . . . . 6 . . . . 3 . 3 . . Scan Component 14 | . . . 6 . 1 . . . . . . . . . 3 . . . . 2 . 2 . . Repair 12 | . . . 6 . 1 . . . . . . . . . 3 . . . . 1 . 1 . . Recycling Unit Hacks 7 | . 4 . 1 . 1 . . . . 1 . . . . . . . . . . . . . . Report Inventory 3 | . 2 . 1 . . . . . . . . . . . . . . . . . . . . . Retrieve Components 4 | . 2 . . . 1 . . . . 1 . . . . . . . . . . . . . . Scanalyzer 7 | . . . 1 . 4 . . . . . . . . . . . . . . . . 2 . . Retrieve Study 7 | . . . 1 . 4 . . . . . . . . . . . . . . . . 2 . . Garrison Access Hacks 7 | . . . 1 . 1 . . . . . . . . . . . . . . 2 1 . 2 . Seal Access 7 | . . . 1 . 1 . . . . . . . . . . . . . . 2 1 . 2 . Unauthorized Hacks 42 | . 9 . 8 2 2 . . . . 2 2 . . 2 2 . . . . 1 . 8 1 3 Terminals 42 | . 9 . 8 2 2 . . . . 2 2 . . 2 2 . . . . 1 . 8 1 3 Assimilate 2 | . 1 . . . . . . . . 1 . . . . . . . . . . . . . . Botnet 19 | . 2 . 2 1 2 . . . . 1 2 . . . 1 . . . . 1 . 3 1 3 Operators 2 | . 1 . 1 . . . . . . . . . . . . . . . . . . . . . Skim 17 | . 5 . 5 1 . . . . . . . . . . 1 . . . . . . 5 . . Sabotage 2 | . . . . . . . . . . . . . . 2 . . . . . . . . . . Fabricators . | . . . . . . . . . . . . . . . . . . . . . . . . . Repair Stations . | . . . . . . . . . . . . . . . . . . . . . . . . . Recycling Units . | . . . . . . . . . . . . . . . . . . . . . . . . . Scanalyzers . | . . . . . . . . . . . . . . . . . . . . . . . . . Garrison Access . | . . . . . . . . . . . . . . . . . . . . . . . . . Data Cores Recovered . | . . . . . . . . . . . . . . . . . . . . . . . . . Used . | . . . . . . . . . . . . . . . . . . . . . . . . . Hacking Detections 72 | . 8 . 8 3 10 . . . . 6 6 . . 1 5 . . . . 3 1 10 4 7 Full Trace Events 2 | . . . . . . . . . . . 1 . . . . . . . . . . . . 1 Feedback Events . | . . . . . . . . . . . . . . . . . . . . . . . . . Feedback Blocked . | . . . . . . . . . . . . . . . . . . . . . . . . . Robot Schematics Acquired 5 | . . . . . . . . 4 . . . . . . . . . . . . . 1 . . Robots Built . | . . . . . . . . . . . . . . . . . . . . . . . . . Authchips . | . . . . . . . . . . . . . . . . . . . . . . . . . Time . | . . . . . . . . . . . . . . . . . . . . . . . . . Total Robot Build Rating . | . . . . . . . . . . . . . . . . . . . . . . . . . Part Schematics Acquired 22 | . . . . . . . . 14 . . . . . . . . . . . . . 8 . . Parts Built . | . . . . . . . . . . . . . . . . . . . . . . . . . Authchips . | . . . . . . . . . . . . . . . . . . . . . . . . . Time . | . . . . . . . . . . . . . . . . . . . . . . . . . Total Part Build Rating . | . . . . . . . . . . . . . . . . . . . . . . . . . Part Studies Acquired 7 | . . . 1 . 4 . . . . . . . . . . . . . . . . 2 . . Parts Repaired 12 | . . . 6 . 1 . . . . . . . . . 3 . . . . 1 . 1 . . Time 438 | . . . 168 . 50 . . . . . . . . . 162 . . . . 36 . 22 . . Parts Recycled . | . . . . . . . . . . . . . . . . . . . . . . . . . Recycled Matter . | . . . . . . . . . . . . . . . . . . . . . . . . . Retrieved Matter . | . . . . . . . . . . . . . . . . . . . . . . . . . Retrieved Components 16 | . 12 . . . 1 . . . . 3 . . . . . . . . . . . . . . Parts Scanalyzed . | . . . . . . . . . . . . . . . . . . . . . . . . . Part Schematics Acquired . | . . . . . . . . . . . . . . . . . . . . . . . . . Parts Damaged . | . . . . . . . . . . . . . . . . . . . . . . . . . Bothacking | -11 -10 -10 -8 -7 -6 -6 -6 -6 -5 -5 -5 -5 -5 -5 -4 -4 -4 -4 -3 -3 -2 -2 -1 -1 ------------ Run | Yrd Mat Sub Mat Fac Fac Low Low Zio Pro Fac Ext Cet Arc Hub Fac Upp Upp War Pro Res Res Tes Acc Com Used RIF Installer . | . . . . . . . . . . . . . . . . . . . . . . . . . Robots Hacked . | . . . . . . . . . . . . . . . . . . . . . . . . . Non-combat . | . . . . . . . . . . . . . . . . . . . . . . . . . Combat . | . . . . . . . . . . . . . . . . . . . . . . . . . Robot Hacks Applied . | . . . . . . . . . . . . . . . . . . . . . . . . . Relay Couplers Released 7 | . . . . . . . . . . . . . . . 2 . . . . . 2 3 . . Machine Destruction 4 | . . . . . . . . . . . . . . . 2 . . . . . 2 . . . Programmers 3 | . . . . . . . . . . . . . . . . . . . . . . 3 . . Fabnet Peak Effective % . | . . . . . . . . . . . . . . . . . . . . . . . . . Robots Rewired 24 | . . . . . . . . . . . 17 . . . . 2 . 5 . . . . . . Allies Hacked . | . . . . . . . . . . . . . . . . . . . . . . . . . Hacks Repelled . | . . . . . . . . . . . . . . . . . . . . . . . . . Allies | -11 -10 -10 -8 -7 -6 -6 -6 -6 -5 -5 -5 -5 -5 -5 -4 -4 -4 -4 -3 -3 -2 -2 -1 -1 -------- Run | Yrd Mat Sub Mat Fac Fac Low Low Zio Pro Fac Ext Cet Arc Hub Fac Upp Upp War Pro Res Res Tes Acc Com Total Allies 40 | . . . . . . . . . . 1 25 5 . . . 2 . 5 . . . . . 2 Largest Group 14 | . . . . . . . . . . 1 13 14 13 9 . 2 . 5 2 2 1 . . 2 Highest-Rated Group 851 | . . . . . . . . . . 10 484 851 823 590 . 94 . 254 113 113 64 . . 192 Highest-Rated Ally 159 | . . . . . . . . . . 10 159 159 159 96 . 47 . 64 64 64 64 . . 96 Total Orders 11 | . . . . . . . . . . . . 10 . 1 . . . . . . . . . . STAY 9 | . . . . . . . . . . . . 8 . 1 . . . . . . . . . . FOLLOW 2 | . . . . . . . . . . . . 2 . . . . . . . . . . . . Ally Attacks 384 | . . . . . . . . . . . 151 61 33 55 . 17 . 41 7 4 . . . 15 Total Damage 9781 | . . . . . . . . . . . 3185 1227 849 1610 . 329 . 1266 255 238 . . . 822 Kills 49 | . . . . . . . . . . . 20 7 2 9 . 1 . 6 . 1 . . . 3 Allies Corrupted 1 | . . . . . . . . . . . . . . . . . . . . . . . . 1 Allies Melted 1 | . . . . . . . . . . . . . . . . . . 1 . . . . . . Intel | -11 -10 -10 -8 -7 -6 -6 -6 -6 -5 -5 -5 -5 -5 -5 -4 -4 -4 -4 -3 -3 -2 -2 -1 -1 ------- Run | Yrd Mat Sub Mat Fac Fac Low Low Zio Pro Fac Ext Cet Arc Hub Fac Upp Upp War Pro Res Res Tes Acc Com Active Infowar (turns) 25482 | 8 1982 1881 2184 884 1641 1256 1100 1122 843 1399 1967 . . 194 2128 . . 1 . 1166 727 450 2649 1900 Optics 11703 | . . . . 873 1641 1256 1100 1122 843 1399 1251 . . 194 2022 . . . . . 2 . . . Sensors 11360 | . . . . . . 997 1090 1122 559 874 1613 . . . 1385 . . . . . . 1 2629 1090 Terrain 3182 | . . . . . 547 . . . . . 47 . . . 234 . . . . . . 441 1909 4 Seismic 7551 | 8 1982 1881 2184 633 863 . . . . . . . . . . . . . . . . . . . Machine Analysis 239 | . . . . 233 6 . . . . . . . . . . . . . . . . . . . Cloaking 4662 | . . . . . . . . . . . . . . . . . . 1 . 1166 351 . 2168 976 Jamming 6053 | . . . . . . . . . . . . . . . . . . . . 530 727 390 2639 1767 Robot Analysis Total 3 | . 1 . 1 . 1 . . . . . . . . . . . . . . . . . . . Derelict Logs Recovered 12 | . . 2 . . . 1 2 3 2 . . . . . . 1 1 . . . . . . . Drone Launches . | . . . . . . . . . . . . . . . . . . . . . . . . . Drone Recoveries . | . . . . . . . . . . . . . . . . . . . . . . . . . Exploration | -11 -10 -10 -8 -7 -6 -6 -6 -6 -5 -5 -5 -5 -5 -5 -4 -4 -4 -4 -3 -3 -2 -2 -1 -1 ------------- Run | Yrd Mat Sub Mat Fac Fac Low Low Zio Pro Fac Ext Cet Arc Hub Fac Upp Upp War Pro Res Res Tes Acc Com Turns Passed 37745 | 228 1982 1881 2236 989 1681 1256 1100 1122 843 1399 2997 753 496 261 2765 1906 2297 1366 523 1718 992 1808 2649 2497 Spaces Moved 19050 | 39 893 1053 810 635 986 982 840 1034 731 761 1129 239 216 139 1001 960 1307 734 288 945 493 767 966 1102 Core 5 | 5 . . . . . . . . . . . . . . . . . . . . . . . . Treads 10725 | 34 893 279 174 . . . . . . 125 63 239 216 139 1001 960 1307 734 288 945 493 767 966 1102 Legs 3179 | . . . . 635 986 982 576 . . . . . . . . . . . . . . . . . Wheels 5141 | . . 774 636 . . . 264 1034 731 636 1066 . . . . . . . . . . . . . Hover . | . . . . . . . . . . . . . . . . . . . . . . . . . Flight . | . . . . . . . . . . . . . . . . . . . . . . . . . Fastest Speed 50 | 50 160 155 165 110 115 115 105 105 105 105 105 160 160 160 160 160 160 160 160 158 163 155 145 160 Average Speed 146 | 147 160 156 184 121 116 115 113 105 105 134 140 160 160 160 160 160 166 160 160 165 169 156 154 160 Slowest Speed 320 | 160 160 160 253 192 118 115 186 105 105 240 165 160 160 160 160 160 240 160 160 167 320 163 225 240 Overloaded Moves . | . . . . . . . . . . . . . . . . . . . . . . . . . Propulsion Burnouts . | . . . . . . . . . . . . . . . . . . . . . . . . . Robots Hopped . | . . . . . . . . . . . . . . . . . . . . . . . . . Potential Cave-ins 28 | . . . 2 4 2 5 . . . . . . . . 3 . . 2 . . 2 . 8 . Cave-ins Triggered 2 | . . . . . . . . . . . . . . . . . 1 . . . . 1 . . Exploration Rate (%) 59 | 3 99 51 58 19 30 93 89 83 95 28 84 65 97 24 30 98 99 87 56 43 20 60 34 41 Regions Visited 24 Branch Regions 15 Pre-discovered Areas 10 | . 1 1 2 . . 1 . 2 1 . . . . . . 1 1 . . . . . . . Known Exits Taken 17 | . 1 1 . . 1 1 1 1 1 1 . . . 1 1 1 1 1 1 1 1 . 1 . Unknown Exits Taken 7 | 1 . . 1 1 . . . . . . 1 1 1 . . . . . . . . 1 . . Scrap Searched 26 | . . 7 . . . 1 3 3 3 . . . . . . 3 3 . 3 . . . . . Spaces Dug 306 | . 15 . 7 8 28 18 30 . 1 17 10 . . 3 30 3 22 1 . 42 2 12 41 16 Terrain Destroyed 2151 | . 73 54 27 74 108 178 90 . 131 67 108 2 10 3 155 46 83 35 144 179 41 211 119 213 Melee 90 | . . . 1 8 10 . 3 . 1 15 3 . . 3 10 1 2 . . 2 2 8 16 5 Projectile 424 | . 11 . 4 . 27 5 32 . . 16 22 2 10 . 61 45 15 12 2 . 5 42 69 44 AOE 1635 | . 62 54 22 66 71 173 55 . 130 36 83 . . . 83 . 66 23 142 177 33 161 34 164 Terrain Rammed . | . . . . . . . . . . . . . . . . . . . . . . . . . Walls Destroyed . | . . . . . . . . . . . . . . . . . . . . . . . . . Machines Disabled . | . . . . . . . . . . . . . . . . . . . . . . . . . Actions | -11 -10 -10 -8 -7 -6 -6 -6 -6 -5 -5 -5 -5 -5 -5 -4 -4 -4 -4 -3 -3 -2 -2 -1 -1 --------- Run | Yrd Mat Sub Mat Fac Fac Low Low Zio Pro Fac Ext Cet Arc Hub Fac Upp Upp War Pro Res Res Tes Acc Com Total 26529 | 180 1322 1186 1353 800 1365 1058 921 1053 776 1018 2316 590 327 170 1881 1217 1377 884 329 1071 605 1229 1927 1574 Wait 4482 | 120 315 58 349 48 178 29 5 3 6 121 740 311 75 22 608 163 17 37 22 68 26 242 735 184 Move 19026 | 38 892 1052 809 634 985 981 839 1033 730 760 1128 238 215 138 1001 959 1306 733 287 944 492 766 965 1101 Hop . | . . . . . . . . . . . . . . . . . . . . . . . . . Pick Up 262 | 2 18 8 22 23 14 3 7 1 2 15 21 10 4 1 19 7 6 11 1 7 11 24 11 14 Fast Attach 215 | 7 2 1 16 9 19 . 3 1 3 15 18 5 3 1 14 5 . 14 2 8 13 30 12 14 Attach 127 | . . 3 3 5 5 . 2 . . 7 21 . 1 . 17 4 . 1 1 4 6 21 2 24 Detach 37 | . . . . 1 2 . . . . 1 8 1 . . 5 . . 2 1 . 1 5 2 8 Swap 413 | . 28 15 30 19 37 12 8 2 9 11 20 1 1 1 55 16 9 14 1 8 14 17 46 39 Drop 374 | . 11 3 30 29 32 3 8 2 5 23 22 13 7 2 21 5 6 29 3 14 21 45 20 20 Fire 1075 | 13 56 46 90 19 70 30 46 1 19 32 93 11 10 . 122 40 18 14 11 15 19 65 91 144 Melee 230 | . . . 4 11 23 . 3 10 2 33 23 . 11 5 18 8 11 . . 3 2 14 27 22 Ram . | . . . . . . . . . . . . . . . . . . . . . . . . . Kick . | . . . . . . . . . . . . . . . . . . . . . . . . . Crush 3 | . . . . . . . . . . . 1 . . . 1 . . . . . . . . 1 Escape Stasis 41 | . . . . . . . . . . . 38 . . . . . . . . . . . . 3 Rewire 192 | . . . . . . . . . . . 167 . . . . 10 . 15 . . . . . . Trap 4 | . . . . . . . . . . . . . . . . . 4 . . . . . . . Miscellaneous 48 | . . . . 2 . . . . . . 16 . . . . . . 14 . . . . 16 . Route ------- -11/Scrapyard -10/Materials (discovered 5 exits: *Mat x3 / *Min / *Sub) -10/Subcaves (discovered 3 exits: *Mat x2 / *Rec) -8/Materials -7/Factory -6/Factory (discovered 3 exits: *Fac / *Low x2) -6/Lower Caves -6/Lower Caves (discovered 2 exits: *Fac / *Zio) -6/Zion (discovered 2 exits: Dee / *Pro) -5/Proximity Caves -5/Factory (discovered 6 exits: *Fac x2 / Upp x2 / *Ext x2) -5/Extension (discovered 3 exits: *Fac x2 / *Cet) -5/Cetus (discovered 2 exits: *Fac / [*Arc]) -5/Archives (discovered 3 exits: *Fac / *Hub x2) -5/Hub_04(d) -4/Factory (discovered 3 exits: *Upp x2 / Arm) -4/Upper Caves -4/Upper Caves (discovered 2 exits: *Res / *War) -4/Warlord -3/Proximity Caves -3/Research (discovered 2 exits: *Res / [*Qua]) -2/Research (discovered 2 exits: *Tes x2) -2/Testing -1/Access -1/Command To Epsilon Eridani History --------- Turn | Location | Event 14 | -11/Scrapyard | Discovered new exit (range 15) 229 | -11/Scrapyard | Entered Materials 331 | -10/Materials | Build established: Mutant 733 | -10/Materials | Discovered new exit (range 4) 1027 | -10/Materials | Discovered new exit (range 12) 1203 | -10/Materials | Discovered new exit (range 13) 1246 | -10/Materials | Discovered new exit (range 14) 1858 | -10/Materials | Learned Storage emergency access door positions 1917 | -10/Materials | Identified exit to Subcaves 1968 | -10/Materials | Learned location of 2 exits from Subcaves 2011 | -10/Materials | Identified exit to Mines 2011 | -10/Materials | Identified exit to Materials 2043 | -10/Materials | Learned location of 2 exits from Subcaves 2191 | -10/Materials | Learned 2 Materials zone layouts 2211 | -10/Materials | Entered Subcaves 2212 | -10/Subcaves | Approached by a straggling Scientist 2212 | -10/Subcaves | Identified exit to Recycling 2213 | -10/Subcaves | Identified exit to Materials 2348 | -10/Subcaves | A swath of the cavern ceiling suddenly collapsed 2613 | -10/Subcaves | Visited 4L-MR0's lab 2832 | -10/Subcaves | Found Prototype Leg 2869 | -10/Subcaves | Identified Arachnoskeleton 3026 | -10/Subcaves | Shifting Twisted Machinery released Riot Gun 3142 | -10/Subcaves | Core integrity fell below 50% 3906 | -10/Subcaves | Core integrity fell below 20% 3967 | -10/Subcaves | Learned location of Zion (-6) 4092 | -10/Subcaves | Entered Materials 4092 | -8/Materials | Evolved 4 slots: Propulsion x1, Utility x1, Weapon x2 4589 | -8/Materials | Build established: Scavenger-Tank 5098 | -8/Materials | Repaired Grenade Launcher 5131 | -8/Materials | Repaired Multitool 5163 | -8/Materials | Repaired Seismic Detector 5193 | -8/Materials | Repaired Hcp. Storage Unit 5209 | -8/Materials | Discovered new exit (range 7) 5245 | -8/Materials | Repaired Spk. Treads 5303 | -8/Materials | Central database locked down 5592 | -8/Materials | Learned Factory fabricator intel 5634 | -8/Materials | Garrison activated, responded to threat 5643 | -8/Materials | Learned 2 Storage zone layouts 5685 | -8/Materials | Learned Storage security intel 5719 | -8/Materials | Learned location of 1 exit from Extension 5744 | -8/Materials | Learned Factory stockpile data 5761 | -8/Materials | Learned Storage emergency access door positions 5787 | -8/Materials | Learned location of Extension (-5) 5817 | -8/Materials | Learned 4 Factory zone layouts 5859 | -8/Materials | Learned location of 1 exit from Storage 5913 | -8/Materials | Learned location of Recycling (-7) 6312 | -8/Materials | Repaired Seismic Detector 6328 | -8/Materials | Entered Factory 6328 | -7/Factory | Evolved 2 slots: Utility x2 6331 | -7/Factory | Loaded intel: 6 fabricator locations 6331 | -7/Factory | Attached Arachnoskeleton, gained temporary slots: Propulsion x3 7144 | -7/Factory | Garrison activated, responded to threat 7232 | -7/Factory | Discovered new exit (range 11) 7317 | -7/Factory | Entered another Factory area 7317 | -6/Factory | Evolved 2 slots: Power x1, Propulsion x1 7705 | -6/Factory | Garrison activated, responded to threat 8368 | -6/Factory | Repaired Flexi-carbon Leg 8389 | -6/Factory | Discovered new exit (range 4) 8395 | -6/Factory | Identified exit to Factory 8670 | -6/Factory | Identified exit to Lower Caves 8998 | -6/Factory | Entered Lower Caves 9174 | -6/Lower Caves | Build established: Skirmisher 9862 | -6/Lower Caves | Discovered new exit (range 18) 10251 | -6/Lower Caves | Identified exit to Lower Caves 10254 | -6/Lower Caves | Entered another Lower Caves area 10451 | -6/Lower Caves | Discovered exit to Factory (range 8) 10830 | -6/Lower Caves | Learned Factory stockpile data 11057 | -6/Lower Caves | Found Imp. Powered Armor 11121 | -6/Lower Caves | Discovered new exit (range 8) 11121 | -6/Lower Caves | Spotted B-75 Beast 11275 | -6/Lower Caves | Learned Factory security intel 11353 | -6/Lower Caves | Identified exit to Zion 11354 | -6/Lower Caves | Entered Zion 11384 | -6/Zion | Discovered new exit (range 17) 11433 | -6/Zion | Given A8's code to call for help 11469 | -6/Zion | System corruption cleaned by Quarantine Array 11572 | -6/Zion | Learned location of Quarantine (-3) 11822 | -6/Zion | Build established: Assassin 11927 | -6/Zion | Learned Factory stockpile data 11953 | -6/Zion | Identified exit to Deep Caves 12474 | -6/Zion | Identified exit to Proximity Caves 12476 | -6/Zion | Entered Proximity Caves 12513 | -5/Proximity Caves | Attracted the attention of an 0b10 checkpoint 13036 | -5/Proximity Caves | Discovered exit to Factory (range 5) 13319 | -5/Proximity Caves | Entered Factory 13319 | -5/Factory | Evolved 2 slots: Propulsion x2 13365 | -5/Factory | Discovered new exit (range 11) 13989 | -5/Factory | Discovered new exit (range 5) 13993 | -5/Factory | Identified exit to Factory 14500 | -5/Factory | Assembled infested ambush trap array 14641 | -5/Factory | Identified exit to Upper Caves 14641 | -5/Factory | Identified exit to Extension 14718 | -5/Factory | Entered Extension 14777 | -5/Extension | Build established: Mutant 15604 | -5/Extension | Build established: Scavenger-Tank 15649 | -5/Extension | Rescued a captive Derelict 15650 | -5/Extension | Rescued a captive Derelict 15877 | -5/Extension | Spotted B-75 Beast 15895 | -5/Extension | Allies destroyed B-75 Beast 15914 | -5/Extension | Spotted B-75 Beast 15932 | -5/Extension | Allies destroyed B-75 Beast 15989 | -5/Extension | Lost 6 allies 16596 | -5/Extension | Rescued A7 16730 | -5/Extension | Lost 3 parts (2n1u) 16778 | -5/Extension | Rescued a captive Derelict 16781 | -5/Extension | Rescued a captive Derelict 17046 | -5/Extension | Lost 3 allies 17536 | -5/Extension | Rescued a captive Derelict 17537 | -5/Extension | Rescued a captive Derelict 17594 | -5/Extension | Rescued a captive Derelict 17657 | -5/Extension | Discovered exit to Factory (range 10) 17658 | -5/Extension | Discovered new exit (range 6) 17715 | -5/Extension | Disrupted transfer network 17715 | -5/Extension | Entered Cetus 17715 | -5/Cetus | Accompanied by 12 allies (A7) 17720 | -5/Cetus | Acquired a Cetus Manufacturing Module code from A7 17773 | -5/Cetus | Spotted Cetus Guard 17773 | -5/Cetus | Spotted Cetus Guard 17783 | -5/Cetus | Destroyed Cetus Guard 17784 | -5/Cetus | Spotted Cetus Guard 17793 | -5/Cetus | Spotted Cetus Guard 17801 | -5/Cetus | Allies destroyed Cetus Guard 17802 | -5/Cetus | Allies destroyed Cetus Guard 17807 | -5/Cetus | Allies destroyed Cetus Guard 17839 | -5/Cetus | Lost 3 allies 17915 | -5/Cetus | Started Cetus Manufacturing Module 17928 | -5/Cetus | Escorted A7 to Cetus Mainframe 17940 | -5/Cetus | Manufactured an Enhanced Grunt 17944 | -5/Cetus | Discovered new exit (range 16) 17965 | -5/Cetus | Manufactured an Enhanced Grunt 17990 | -5/Cetus | Manufactured an Enhanced Grunt 18015 | -5/Cetus | Manufactured an Enhanced Grunt 18040 | -5/Cetus | Manufactured an Enhanced Grunt 18095 | -5/Cetus | Spotted Cetus Guard 18095 | -5/Cetus | Spotted Cetus Guard 18097 | -5/Cetus | Spotted Cetus Guard 18098 | -5/Cetus | Spotted Cetus Guard 18105 | -5/Cetus | Destroyed Cetus Guard 18106 | -5/Cetus | Allies destroyed Cetus Guard 18107 | -5/Cetus | Allies destroyed Cetus Guard 18116 | -5/Cetus | Allies destroyed Cetus Guard 18130 | -5/Cetus | Discovered exit to Factory (range 15) 18138 | -5/Cetus | Met Revision 17 18271 | -5/Cetus | Build established: Commander-Tank 18465 | -5/Cetus | Security sweep announced 18468 | -5/Cetus | Entered Archives 18468 | -5/Archives | Accompanied by 13 allies (A7) 18473 | -5/Archives | Received a hacking code to weaken MAIN.C 18516 | -5/Archives | Discovered new exit (range 16) 18531 | -5/Archives | Lost 3 allies 18535 | -5/Archives | Discovered exit to Factory (range 16) 18790 | -5/Archives | Build established: Scavenger-Tank 18844 | -5/Archives | Discovered new exit (range 16) 18964 | -5/Archives | Entered Hub_04(d) 18964 | -5/Hub_04(d) | Accompanied by 9 allies 19041 | -5/Hub_04(d) | Discovered exit to Factory (range 8) 19169 | -5/Hub_04(d) | Network Hub disabled 19181 | -5/Hub_04(d) | Lost 8 allies 19225 | -5/Hub_04(d) | Entered Factory 19225 | -4/Factory | Evolved 2 slots: Utility x2 19226 | -4/Factory | Identified exit to Armory 20255 | -4/Factory | Repaired Hvy. Treads 20569 | -4/Factory | Build established: Scavenger-Assassin 20741 | -4/Factory | Repaired Hvy. Treads 20794 | -4/Factory | Repaired Lrn. Missile Launcher 21117 | -4/Factory | Spotted B-86 Titan 21234 | -4/Factory | Build established: Scavenger-Tank 21274 | -4/Factory | Destroyed B-86 Titan 21292 | -4/Factory | Lost 4 parts (1n1u2w) 21679 | -4/Factory | Found Prototype Processor 21679 | -4/Factory | Identified Exp. Terrain Scan Processor 21706 | -4/Factory | Identified exit to Upper Caves 21990 | -4/Factory | Entered Upper Caves 22283 | -4/Upper Caves | Attracted the attention of an 0b10 outpost 23111 | -4/Upper Caves | Attracted the attention of an 0b10 checkpoint 23343 | -4/Upper Caves | Ambushed by wild Derelicts 23775 | -4/Upper Caves | Discovered new exit (range 10) 23886 | -4/Upper Caves | Identified exit to Upper Caves 23896 | -4/Upper Caves | Entered another Upper Caves area 23941 | -4/Upper Caves | Discovered new exit (range 8) 24661 | -4/Upper Caves | Crushed by falling debris 25202 | -4/Upper Caves | Spotted B-86 Titan 25210 | -4/Upper Caves | Destroyed B-86 Titan 25443 | -4/Upper Caves | Discovered new exit (range 5) 25449 | -4/Upper Caves | Identified exit to Warlord 25792 | -4/Upper Caves | Encountered a Warlord checkpoint 26193 | -4/Upper Caves | Entered Warlord 26246 | -4/Warlord | System corruption cleaned by Quarantine Array 26358 | -4/Warlord | Found Prototype Special Weapon 26360 | -4/Warlord | Identified RU-N14's Throwing Claymores v3 26364 | -4/Warlord | Found RU-N14's Throwing Claymores v3 26571 | -4/Warlord | Visited the Vortex Lab 26582 | -4/Warlord | Warlord's base attacked by MAIN.C 26585 | -4/Warlord | Found Prototype Energy Cannon 26585 | -4/Warlord | Identified Vortex Cannon 26590 | -4/Warlord | Found Vortex Cannon 26864 | -4/Warlord | Found Prototype Reactor 26864 | -4/Warlord | Identified Vortex Chain Reactor 26870 | -4/Warlord | Found Prototype Device 26870 | -4/Warlord | Identified Exp. Cloaking Device 26883 | -4/Warlord | Found Prototype Hackware 26883 | -4/Warlord | Identified System Mapper 26895 | -4/Warlord | Found Prototype Processor 26895 | -4/Warlord | Identified Exp. Target Analyzer 26903 | -4/Warlord | Found Prototype Device 26903 | -4/Warlord | Identified System Purifier 26932 | -4/Warlord | Warlord forces counterattacked 27019 | -4/Warlord | Met Warlord 27257 | -4/Warlord | Warlord base infiltrated, sounded retreat 27258 | -4/Warlord | Enhanced Grunt warped into view 27258 | -4/Warlord | Enhanced Grunt warped into view 27258 | -4/Warlord | Enhanced Grunt warped into view 27258 | -4/Warlord | Enhanced Demolisher warped into view 27258 | -4/Warlord | Enhanced Demolisher warped into view 27258 | -4/Warlord | Enhanced Demolisher warped into view 27356 | -4/Warlord | Spotted Striker 27366 | -4/Warlord | Spotted Executioner 27366 | -4/Warlord | Spotted Executioner 27402 | -4/Warlord | Spotted Executioner 27405 | -4/Warlord | Spotted Striker 27416 | -4/Warlord | Core integrity fell below 50% 27416 | -4/Warlord | Spotted Striker 27417 | -4/Warlord | Spotted Executioner 27429 | -4/Warlord | Allies destroyed Striker 27440 | -4/Warlord | Destroyed Executioner 27458 | -4/Warlord | Allies destroyed RP-WD8(K) 27475 | -4/Warlord | Found Prototype Device 27475 | -4/Warlord | Identified Exp. Shock Absorption System 27479 | -4/Warlord | Found Prototype Launcher 27479 | -4/Warlord | Identified Chain Missile Launcher 27485 | -4/Warlord | Spotted Executioner 27487 | -4/Warlord | Spotted Executioner 27489 | -4/Warlord | Lost 13 allies 27513 | -4/Warlord | Destroyed 10 combat bots 27533 | -4/Warlord | Discovered new exit (range 14) 27534 | -4/Warlord | Lost 7 allies 27551 | -4/Warlord | Identified exit to Proximity Caves 27559 | -4/Warlord | Entered Proximity Caves 27559 | -3/Proximity Caves | Accompanied by 2 allies 27778 | -3/Proximity Caves | Spotted B-86 Titan 27786 | -3/Proximity Caves | Destroyed B-86 Titan 28068 | -3/Proximity Caves | Discovered new exit (range 4) 28081 | -3/Proximity Caves | Identified exit to Research 28082 | -3/Proximity Caves | Entered Research 28082 | -3/Research | Accompanied by 2 allies 28082 | -3/Research | Evolved 2 slots: Utility x2 28282 | -3/Research | Revision forces began assault on 0b10 28284 | -3/Research | Watched by a mysterious "MATRIX" hacker. 28294 | -3/Research | Met up with Revision 17++ 28636 | -3/Research | Lost 4 allies 28652 | -3/Research | Repaired Centrium Heavy Treads 28782 | -3/Research | Research terminal network offline 29064 | -3/Research | Discovered new exit (range 16) 29096 | -3/Research | Build established: Hacker-Tank 29367 | -3/Research | Found Fusion Bomb Launcher 29604 | -3/Research | Spotted Striker 29604 | -3/Research | Spotted Striker 29766 | -3/Research | Discovered new exit (range 15) 29790 | -3/Research | Identified exit to Research 29800 | -3/Research | Entered another Research area 29800 | -2/Research | Accompanied by 1 ally 29800 | -2/Research | Warlord forces began assault on 0b10 29800 | -2/Research | Evolved 2 slots: Utility x2 29820 | -2/Research | Identified exit to Testing 29910 | -2/Research | Research machine network offline 29930 | -2/Research | Met up with Warlord 30087 | -2/Research | Borebot progress halted 30227 | -2/Research | Borebot progress halted 30360 | -2/Research | Spotted Striker 30361 | -2/Research | Spotted Striker 30367 | -2/Research | Spotted Executioner 30409 | -2/Research | Found Megatreads 30421 | -2/Research | Lost 6 allies 30529 | -2/Research | Spotted Executioner 30554 | -2/Research | Lost 3 allies 30556 | -2/Research | Spotted Executioner 30569 | -2/Research | Destroyed Executioner 30603 | -2/Research | Found Prototype Processor 30603 | -2/Research | Identified Exp. Core Analyzer 30671 | -2/Research | Found Prototype Device 30671 | -2/Research | Identified Exp. Shield Generator 30730 | -2/Research | Build established: Scavenger-Tank 30767 | -2/Research | Borebot progress halted 30792 | -2/Research | Entered Testing 30832 | -2/Testing | Repaired Adv. Remote Force Field 31028 | -2/Testing | Garrison activated, responded to threat 31096 | -2/Testing | Found Prototype Launcher 31096 | -2/Testing | Identified Enh. Gamma Bomb Array 31175 | -2/Testing | Found Prototype Device 31175 | -2/Testing | Identified Exp. Sensor Array 31382 | -2/Testing | Spotted Striker 31383 | -2/Testing | Spotted Striker 31385 | -2/Testing | Spotted Alpha 7 31390 | -2/Testing | Crushed by falling debris 31397 | -2/Testing | Destroyed Striker 31399 | -2/Testing | Destroyed Striker 31428 | -2/Testing | System corruption reached 10% 31430 | -2/Testing | Destroyed Alpha 7 31452 | -2/Testing | Lost 8 parts (4u4w) 31461 | -2/Testing | Found Prototype Processor 31461 | -2/Testing | Identified Exp. Targeting Computer 31687 | -2/Testing | Found Prototype Energy Cannon 31687 | -2/Testing | Identified Potential Cannon 31690 | -2/Testing | Found Prototype Energy Cannon 31690 | -2/Testing | Identified Imp. Potential Cannon 31742 | -2/Testing | Found Prototype Ballistic Cannon 31742 | -2/Testing | Identified Omega Cannon 32235 | -2/Testing | Destroyed 10 combat bots 32373 | -2/Testing | Discovered new exit (range 8) 32408 | -2/Testing | Found Enh. Gamma Bomb Array 32411 | -2/Testing | Found Enh. Gamma Bomb Array 32542 | -2/Testing | First assault squad dispatched 32600 | -2/Testing | Entered Access 32600 | -1/Access | Evolved 2 slots: Utility x2 32891 | -1/Access | Build established: Infiltrator-Assassin 33634 | -1/Access | Build established: Infiltrator-Tank 34002 | -1/Access | Destroyed 8 combat bots 34019 | -1/Access | Build established: Infiltrator-Assassin 34222 | -1/Access | Destroyed 8 combat bots 34530 | -1/Access | Build established: Infiltrator-Tank 34600 | -1/Access | First assault squad dispatched 34844 | -1/Access | Unchained authorized (BL-1NK) 34961 | -1/Access | Discovered new exit (range 7) 34969 | -1/Access | Identified exit to Command 35160 | -1/Access | Build established: Tank 35249 | -1/Access | Entered Command 35302 | -1/Command | Spotted B-99 Colossus 35499 | -1/Command | First assault squad dispatched 35965 | -1/Command | Destroyed B-99 Colossus 36067 | -1/Command | Lost 3 parts (1p1u1w) 36081 | -1/Command | Destroyed 9 combat bots 36084 | -1/Command | Found Corrupted Prototype Ballistic Gun 36092 | -1/Command | Found Corrupted Prototype Ballistic Gun 36269 | -1/Command | Build established: Scavenger-Tank 36485 | -1/Command | Phase Generator disabled 36679 | -1/Command | Enhanced Grunt warped into view, answering call for help 36682 | -1/Command | Enhanced Grunt warped into view, answering call for help 37164 | -1/Command | Destroyed 13 combat bots 37564 | -1/Command | Spotted Striker 37564 | -1/Command | Spotted Striker 37567 | -1/Command | Destroyed Striker 37570 | -1/Command | Destroyed Striker 37574 | -1/Command | Spotted Alpha 7 37575 | -1/Command | Spotted Executioner 37579 | -1/Command | Spotted Executioner 37582 | -1/Command | Spotted Alpha 7 37596 | -1/Command | Destroyed 7 combat bots 37601 | -1/Command | Destroyed Executioner 37612 | -1/Command | Destroyed Alpha 7 37618 | -1/Command | Destroyed Executioner 37641 | -1/Command | Lost 8 parts (5u3w) 37665 | -1/Command | Destroyed Alpha 7 37694 | -1/Command | Lost 3 parts (1n1u1w) 37697 | -1/Command | Spotted Executioner 37697 | -1/Command | Spotted Executioner 37698 | -1/Command | Spotted B-99 Colossus 37708 | -1/Command | Spotted B-99 Colossus 37709 | -1/Command | Core integrity fell below 50% 37734 | -1/Command | Discovered new exit (range 8) 37745 | -1/Command | Identified exit to Surface 37746 | *** | Escaped! Last Messages --------------- 37739_ Slug penetrates Wall. 37739_ Penetrated by Slug. 37740_ Slug penetrates Wall. 37741_ Penetrated by Slug. 37741_ Slug penetrates B-99 Colossus. 37741_ Slug penetrates Wall. 37742_ B-99 Colossus activates siege mode. 37742_ Com. Linear Accelerator destroyed. 37742_ Penetrated by Slug. 37742_ Slug penetrates Wall. 37743_ Penetrated by Slug. 37745_ EXIT=IDENTIFIED: SURFACE 37745_ Penetrated by Slug. 37745_ Slug penetrates Wall. 37745_ Penetrated by Slug. 37745_ Slug penetrates Wall. 37746_ Penetrated by Slug. 37746_ Slug penetrates Wall. 37746_ Penetrated by Slug. 37746_ Slug penetrates Wall. Map ----- +----------------------------------------------------+ | ####?????? #???????????????????????????????????? | | ! "#### ????????????????????????????????????? | | % "T??????????????????????????????????????? | | ""??????????????????????????????????????? | | ##### ??????????????????????????????????????? | | #??????????????????????????????????????????? | | ######??????????????????????????????????????? | | #??????????????????????????????????????? | | ####???????????????????????????????????? | | # = / ?????????????????????????????????? | | # = " #####??????????????????????????????????? | | # * #??????????????????????????????????????? | | #??????????????????????????????????????? | | #! !#?##???????????????????????????????????? | | # # ##??????????????????????????????????? | | " #??????????????????????????????????? | | ## ## # ##??????????????????????????????????? | | # # ## #??????????????????????????????????? | | #?# # #???????????????????????????####### | | ## #?# #???##############???????????# | | ##?##??##??##BB #???????????# = | | #??#########;BB #???????????# | | ####" # # # ; ^^ #?#######???# | | #"#^ ^ ^^^ ^ #?# #???# | | " ^^^ % #?#/ ##### | | +^ ^ ^^ ^ ^ "@ ^ #?# # ###"""" | | + ^ ^ ""% ;## + " " | | " ^% %% ^ % ### # ####[%! | | ## ##" % %E% =BB^ #?# #####?# ]%* | | # ##### ;[# % BB^^ #?# ] ! #?????##=!! | | # #???###% # #?####+######??#" # | | # #?????####### #??# #??## " | | + #???????????##############??# #???#%# | | #### ????????????????????????????# """" #???# # | | #??# ????????????????????????????# """" #???# # | | #??# ????????????????????????????# """" #???# # | | #??# ????????????????????????????# """ #???# # | | #??? ????????????????????????????# #???# # | | ####?+???##?????????????########### #?### # | | ??? #?????????????# + "" ### # | | ??? #?????????????# ######### """" # # | | "" #?????????????# #???????# """" # # | | """" #?????????????# #???????# "" # | | """" #?????????????# #???????# # | | "" #????????????##+#######?# # / | | #????????#???# #######"/ =%! | | #????????????# # | | ]! #????????????# " "####### | | !! #????????????# " # [ #! | | #??########??# " / [=[[ | +----------------------------------------------------+ Best States ------------- Heat Dissipation 78 Coolant Potential 80 Energy Generation 55 Energy Capacity 1300 Matter Stores 300 Matter Capacity 300 Sight Range 23 Robot Scan Range 20 Terrain Scan Range 24 Terrain Scan Density 1010 Jamming Range 14 Cloak Strength 4 Base Temperature (-) 200 EM Shielding 3 Corruption Containment 8 Corruption Block 20 Armor Coverage 2100 Resistance: KI 30 Resistance: EX 75 Core Shielding 30 Propulsion Shielding 15 Utility Shielding 66 Phase Shifting 15 Evasion (%) 55 Targeting Accuracy 12 Core Analysis 8 Recoil Reduction 6 Kinecelleration 40 Offensive Hacking 32 Defensive Hacking 14 Item Schematics ----------------- Hpw. Shock Rifle | -6/Zion | Archive Hvy. Treads | -6/Zion | Archive Imp. Trap Scanner | -6/Zion | Archive Lrn. Tractor Beam | -6/Zion | Archive Imp. Arc Projector | -6/Zion | Archive Magnetic Acceleration Cannon | -6/Zion | Archive Phase Gun | -6/Zion | Archive KE Penetrator | -6/Zion | Archive Imp. Actuator Array | -6/Zion | Archive Energy Well | -6/Zion | Archive Enh. Gauss Cannon | -6/Zion | Archive Railgun | -6/Zion | Archive Plasma Rifle | -6/Zion | Archive Adv. Cooling System | -6/Zion | Archive Hds. Centrium Heavy Treads | -2/Testing | Archive Cld. Field Propulsion Drive | -2/Testing | Archive Smartbomb Launcher | -2/Testing | Archive Exp. Terrain Scan Processor | -2/Testing | Archive Exp. Biometal Leg | -2/Testing | Archive Prc. Energy Filter | -2/Testing | Archive Exp. EM Disruption Field | -2/Testing | Archive Hvy. Wave Gun | -2/Testing | Archive Robot Schematics ------------------ G-50 Soldier | -6/Zion | Archive M-22 Extractor | -6/Zion | Archive T-07 Excavator | -6/Zion | Archive X-77 Beamer | -6/Zion | Archive B-74 Champion | -2/Testing | Archive Fabricated ------------ Nothing Repaired ---------- Grenade Launcher | 8% | -8/Materials Multitool | 63% | -8/Materials Seismic Detector | 60% | -8/Materials Hcp. Storage Unit | 58% | -8/Materials Spk. Treads | 49% | -8/Materials Seismic Detector | 35% | -8/Materials Flexi-carbon Leg | 15% | -6/Factory Hvy. Treads | 20% | -4/Factory Hvy. Treads | 29% | -4/Factory Lrn. Missile Launcher | 38% | -4/Factory Centrium Heavy Treads | 39% | -3/Research Adv. Remote Force Field | 50% | -2/Testing Studied --------- Hvy. Assault Rifle | -8/Materials | Hacked Arm. Huge Wheel | -6/Factory | Hacked Flak Gun | -6/Factory | Hacked Hvy. Missile Launcher | -6/Factory | Hacked Mni. Grenade Launcher | -6/Factory | Hacked Adv. Heavy Siege Treads | -2/Testing | Hacked Enh. Hardcell Cannon | -2/Testing | Hacked Alien Tech Used ----------------- None Achievements -------------- None Challenges ------------ None Game ------ Seed CoordinationDimensionalPit Manual? 0 Play Time 06:06:29 Cumulative 459.3 hours Start 2026.03.13 @ 20:24:33 End 2026.03.14 @ 14:01:59 Sessions 5 Manual Loads 0 Difficulty Rogue Special Mode None Game No. 356 Rogue 356 Adventurer 0 Explorer 0 Win Type 0 Total 7 Types 5/0/0/0/0/0/0/2/0/0 Lore% 72 Gallery% 71 Achievement% 58 Wizard Run 0 Options --------- Layout 1 ASCII 0 Keyboard 0 Movement Mouse Keybinds 0 Fullscreen 1 Font 32/SmallcapsGlow Map View 50x35 Zoom Use 0% Tactical HUD 1 Map Filters NONE Filters NONE Steam 1 RUN: 7599a77a-600a-4f9c-9b70-6fbcfbc149b8